[Event "Anderssen Festival 2019"]
[Site "Wroclaw"]
[Date "2019.08.06"]
[Round "3.15"]
[White "Czyz, Andrzej"]
[Black "Mrozinski, Mateusz"]
[Result "1-0"]
[ECO "A00"]
[WhiteElo "2000"]
[BlackElo "1620"]
[Annotator "NA"]
[PlyCount "93"]
[EventDate "2019.08.05"]
[EventType "swiss"]
[EventCountry "POL"]
[SourceTitle "playchess.com"]
[Source "ChessBase"]
[SourceQuality "1"]
[TimeControl "40/5400+30:900+30"]

1. b4 e5 2. Bb2 Bxb4 3. Bxe5 Nf6 4. Nf3 d5 5. e3 c5 6. Nc3 Nc6 7. Bxf6 gxf6 8. Na4 Qe7 9. Be2 Rg8 10. g3 Bh3 11. c3 Ba5 12. Qb3 c4 13. Qb5 O-O-O 14. Nd4 Nxd4 15. cxd4 Qb4 16. Qxb4 Bxb4 17. Rb1 a5 18. Bf3 Bf5 19. Rb2 Bd3 20. Be2 Bxe2 21. Kxe2 Kc7 22. Rhb1 Rb8 23. Nc3 Kc6 24. a4 b6 25. Nb5 Kd7 26. Rc2 Rgc8 27. Rbc1 f5 28. h3 h5 29. d3 cxd3+ 30. Kxd3 Rxc2 31. Rxc2 Rc8 32. Rxc8 Kxc8 33. f3 Kd7 34. e4 Be1 35. e5 Bxg3 36. Nd6 Kc6 37. Nxf5 Bf4 38. Ne7+ Kb7 39. Nxd5 Bg5 40. Nc3 f6 41. e6 f5 42. d5 Kc7 43. Nb5+ Kd8 44. d6 Bf6 45. Kc4 Be5 46. Kd5 Bf4 47. Kc6 1-0

[Event "Anderssen Festival 2019"]
[Site "Wroclaw"]
[Date "2019.08.06"]
[Round "3.16"]
[White "Kurtycz, Maciej"]
[Black "Szajda, Marcin"]
[Result "0-1"]
[ECO "C50"]
[WhiteElo "1689"]
[BlackElo "1955"]
[Annotator "NA"]
[PlyCount "67"]
[EventDate "2019.08.05"]
[EventType "swiss"]
[EventCountry "POL"]
[SourceTitle "playchess.com"]
[Source "ChessBase"]
[SourceQuality "1"]
[TimeControl "40/5400+30:900+30"]

1. e4 e5 2. Nf3 Nc6 3. Bc4 Nf6 4. d3 Bc5 5. Be3 Bb6 6. O-O O-O 7. Nc3 d6 8. h3 Be6 9. Nd5 Bxd5 10. exd5 Ne7 11. Bg5 Ng6 12. g3 h6 13. Bxf6 Qxf6 14. Kg2 a6 15. a4 Qe7 16. a5 Ba7 17. b4 f5 18. c3 e4 19. Nd4 Bxd4 20. cxd4 e3 21. Ra2 f4 22. Qg4 f3+ 23. Kg1 e2 24. Re1 Rf6 25. b5 axb5 26. Bxb5 Nf8 27. Qe4 Qf7 28. Kh2 Nh7 29. Qh4 Ng5 30. Qg4 Rf5 31. a6 bxa6 32. Rxa6 Rb8 33. Bc6 Nxh3 34. Bd7 0-1

[Event "Anderssen Festival 2019"]
[Site "Wroclaw"]
[Date "2019.08.06"]
[Round "3.17"]
[White "Gorny, Michael"]
[Black "Nowak, Filip"]
[Result "0-1"]
[ECO "B40"]
[WhiteElo "2067"]
[BlackElo "1589"]
[Annotator "NA"]
[PlyCount "66"]
[EventDate "2019.08.05"]
[EventType "swiss"]
[EventCountry "POL"]
[SourceTitle "playchess.com"]
[Source "ChessBase"]
[SourceQuality "1"]
[TimeControl "40/5400+30:900+30"]

1. e4 c5 2. Nf3 e6 3. b4 cxb4 4. d4 d5 5. e5 Nc6 6. Bd3 Nge7 7. a3 Ng6 8. h4 bxa3 9. c3 Bd7 10. h5 Nge7 11. Nxa3 Nc8 12. Rh3 a6 13. Kf1 f6 14. Bf4 fxe5 15. dxe5 Bc5 16. Qc2 N8e7 17. Bxh7 Qb6 18. Bg6+ Kd8 19. Ng5 Kc7 20. Nf7 Nxg6 21. hxg6 Rxh3 22. gxh3 Ne7 23. h4 Rf8 24. h5 Be8 25. Rb1 Qa5 26. Qb3 b5 27. Nc2 Bxf7 28. gxf7 Rxf7 29. Bg3 Rf3 30. Ra1 Qxc3 31. Qa2 Nf5 32. Ne1 Nxg3+ 33. Kg2 Rxf2+ 0-1

[Event "Anderssen Festival 2019"]
[Site "Wroclaw"]
[Date "2019.08.06"]
[Round "3.18"]
[White "Demski, Michal"]
[Black "Smal, Tobiasz"]
[Result "0-1"]
[ECO "B24"]
[WhiteElo "1608"]
[BlackElo "2027"]
[Annotator "NA"]
[PlyCount "90"]
[EventDate "2019.08.05"]
[EventType "swiss"]
[EventCountry "POL"]
[SourceTitle "playchess.com"]
[Source "ChessBase"]
[SourceQuality "1"]
[TimeControl "40/5400+30:900+30"]

1. e4 c5 2. Nc3 Nc6 3. g3 g6 4. Bg2 Bg7 5. Nge2 e6 6. d3 Nge7 7. Be3 Nd4 8. Qd2 O-O 9. O-O d6 10. f4 Rb8 11. Nc1 b5 12. Nd1 b4 13. c3 Ndc6 14. d4 bxc3 15. bxc3 Na5 16. Qf2 cxd4 17. Bxd4 Nec6 18. Bxg7 Kxg7 19. Ne3 Ba6 20. Rd1 Nc4 21. Nxc4 Bxc4 22. Kh1 Qa5 23. Qf3 d5 24. Nb3 Qb5 25. f5 h6 26. Qe3 dxe4 27. fxg6 f5 28. Rd6 Rfd8 29. Rad1 Bxb3 30. axb3 Qxb3 31. Rxd8 Rxd8 32. Rxd8 Qb1+ 33. Qg1 Qxg1+ 34. Kxg1 Nxd8 35. c4 Kxg6 36. c5 Kf6 37. Kf2 Ke5 38. Ke3 Kd5 39. Kf4 Kxc5 40. g4 Kd4 41. g5 hxg5+ 42. Kxg5 a5 43. h4 a4 44. h5 a3 45. h6 Nf7+ 0-1

[Event "Anderssen Festival 2019"]
[Site "Wroclaw"]
[Date "2019.08.06"]
[Round "3.19"]
[White "Piekielny, Pawel"]
[Black "Plichta, Krzysztof"]
[Result "1/2-1/2"]
[ECO "B19"]
[WhiteElo "1985"]
[BlackElo "1582"]
[Annotator "NA"]
[PlyCount "86"]
[EventDate "2019.08.05"]
[EventType "swiss"]
[EventCountry "POL"]
[SourceTitle "playchess.com"]
[Source "ChessBase"]
[SourceQuality "1"]
[TimeControl "40/5400+30:900+30"]

1. e4 c6 2. d4 d5 3. Nc3 dxe4 4. Nxe4 Bf5 5. Ng3 Bg6 6. h4 h6 7. Nf3 Nd7 8. h5 Bh7 9. Bd3 Bxd3 10. Qxd3 e6 11. Bd2 Ngf6 12. O-O-O Qb6 13. Ne5 Nxe5 14. dxe5 Rd8 15. Qe2 Nd5 16. c4 Nb4 17. Bxb4 Bxb4 18. Rxd8+ Kxd8 19. Rd1+ Kc8 20. a3 Be7 21. Ne4 Rd8 22. Rxd8+ Qxd8 23. Qd2 Qb6 24. Qd3 Qc7 25. Qg3 f6 26. exf6 Qxg3 27. Nxg3 gxf6 28. Ne2 Kd7 29. Kc2 Kd6 30. Nf4 f5 31. Ng6 Bf6 32. b3 a5 33. a4 e5 34. f3 e4 35. Nf4 Ke5 36. Ne2 exf3 37. gxf3 Be7 38. Kd3 Bc5 39. f4+ Ke6 40. Nc1 Bd6 41. Ke3 Bc5+ 42. Kf3 Bb6 43. Nd3 Bd4 {Ke4 Ke5+} 1/2-1/2

[Event "Anderssen Festival 2019"]
[Site "Wroclaw"]
[Date "2019.08.06"]
[Round "3.20"]
[White "Lesniak, Szymon"]
[Black "Jablonska, Sabina"]
[Result "1-0"]
[ECO "A36"]
[WhiteElo "1534"]
[BlackElo "1963"]
[Annotator "NA"]
[PlyCount "117"]
[EventDate "2019.08.05"]
[EventType "swiss"]
[EventCountry "POL"]
[SourceTitle "playchess.com"]
[Source "ChessBase"]
[SourceQuality "1"]
[TimeControl "40/5400+30:900+30"]

1. c4 c5 2. g3 g6 3. Bg2 Bg7 4. Nc3 Nc6 5. a3 d6 6. b4 e5 7. bxc5 dxc5 8. Rb1 Nge7 9. d3 h6 10. Nf3 Rb8 11. O-O f5 12. Be3 e4 13. dxe4 Bxc3 14. Qc2 Bd4 15. Rfd1 fxe4 16. Nxd4 Nxd4 17. Bxd4 cxd4 18. Bxe4 Bf5 19. Qa4+ Kf7 20. Bxf5 Nxf5 21. Qxa7 Qc7 22. g4 Ne7 23. Qxd4 Rhd8 24. Qe4 Qc6 25. Qf4+ Kg7 26. Qe5+ Kf7 27. c5 Qf6 28. Qxf6+ Kxf6 29. Rb6+ Kf7 30. Rxd8 Rxd8 31. Rxb7 Ra8 32. Rb3 Ke6 33. Re3+ Kd7 34. Kg2 Ra5 35. Rc3 Nd5 36. Rd3 Kc6 37. e3 Kxc5 38. Kf3 Kc4 39. Rd4+ Kc5 40. a4 Nc3 41. Rd8 Nxa4 42. Rh8 Kd5 43. Rxh6 Ra6 44. h4 Ke5 45. Kg3 Rf6 46. f4+ Ke4 47. f5 Kxe3 48. Rxg6 Rf8 49. Re6+ Kd4 50. Kf4 Nc3 51. h5 Rg8 52. g5 Nd5+ 53. Kg4 Ne3+ 54. Rxe3 Kxe3 55. h6 Rh8 56. f6 Ke4 57. f7 Ke5 58. g6 Rxh6 59. Kg5 1-0

[Event "Anderssen Festival 2019"]
[Site "Wroclaw"]
[Date "2019.08.07"]
[Round "4.1"]
[White "Naumkin, Igor"]
[Black "Chernyshov, Konstantin"]
[Result "1-0"]
[ECO "E18"]
[WhiteElo "2368"]
[BlackElo "2446"]
[Annotator "NA"]
[PlyCount "125"]
[EventDate "2019.08.05"]
[EventType "swiss"]
[EventCountry "POL"]
[SourceTitle "playchess.com"]
[Source "ChessBase"]
[SourceQuality "1"]
[TimeControl "40/5400+30:900+30"]

1. d4 Nf6 2. c4 e6 3. Nf3 b6 4. g3 Bb7 5. Bg2 Be7 6. Nc3 O-O 7. O-O Na6 8. a3 Ne4 9. Bd2 f5 10. Qc2 Nxc3 11. Bxc3 Bf6 12. Rad1 Be4 13. Qd2 c6 14. Ne5 Bxg2 15. Kxg2 Qc7 16. Nd3 Rae8 17. Kg1 Rf7 18. Rc1 d6 19. b4 Qd7 20. Qb2 Nc7 21. c5 Nd5 22. cxd6 Qxd6 23. e3 g5 24. Bd2 g4 25. Qc2 Ne7 26. Rfe1 h5 27. Nf4 h4 28. Qc4 e5 29. dxe5 Bxe5 30. Bc3 Bxf4 31. exf4 Rd8 32. gxh4 Qd5 33. Qxd5 Rxd5 34. Re6 Rd3 35. Bf6 Nd5 36. Be5 c5 37. bxc5 bxc5 38. Re8+ Rf8 39. Rxf8+ Kxf8 40. Rxc5 Nb6 41. Rc6 Nd7 42. Bc3 Rh3 43. Bb4+ Kf7 44. Ra6 Rxh4 45. Rxa7 Ke6 46. Ra6+ Kf7 47. Rc6 Rh3 48. Rc3 Nf6 49. Kg2 Rh5 50. Rc7+ Kg6 51. Rc6 Kf7 52. Rc5 Kg6 53. a4 Rh3 54. Rc6 Kf7 55. a5 Rb3 56. Rc7+ Kg6 57. Bc3 Nd5 58. Rc6+ Kf7 59. Be5 Ra3 60. a6 Ra2 61. Kg3 Ke7 62. Rh6 Kd7 63. Rd6+ 1-0

[Event "Anderssen Festival 2019"]
[Site "Wroclaw"]
[Date "2019.08.07"]
[Round "4.2"]
[White "Gutenev, Alexander"]
[Black "Lalic, Bogdan"]
[Result "1/2-1/2"]
[ECO "C96"]
[WhiteElo "2470"]
[BlackElo "2411"]
[Annotator "ChessBase"]
[PlyCount "119"]
[EventDate "2019.08.05"]
[EventType "swiss"]
[EventCountry "POL"]
[SourceTitle "playchess.com"]
[Source "ChessBase"]
[SourceQuality "1"]
[TimeControl "40/5400+30:900+30"]

1. e4 e5 2. Nf3 Nc6 3. Bb5 a6 4. Ba4 Nf6 5. O-O Be7 6. Re1 b5 7. Bb3 d6 8. c3 O-O 9. h3 Na5 10. Bc2 c5 11. d4 Nd7 12. dxc5 dxc5 13. Qe2 Bb7 14. Nbd2 Qc7 15. Nf1 Nc4 16. b3 Nd6 17. c4 Rfe8 18. Bb2 f6 19. Ne3 Nf8 20. Nd5 Qd8 21. Qd3 Ne6 22. Rad1 Bf8 23. Nh4 Rc8 24. Nf3 bxc4 25. bxc4 Nf7 26. Rb1 Bc6 27. Ba3 Qa5 28. Bb2 Qd8 29. Nd2 Rb8 30. Nb3 Nd4 31. Ba3 Nxc2 32. Qxc2 Ba4 33. Qc3 Ng5 34. Nxc5 Rxb1 35. Rxb1 Bxc5 36. Bxc5 Nxe4 37. Qa3 Kh8 38. Be7 Qd7 39. Qe3 Bc6 40. Qxe4 Qxe7 41. Nxe7 Bxe4 42. Rd1 h5 43. Rd7 Rb8 44. f3 Bc2 45. c5 Ba4 46. Ra7 Rb1+ 47. Kh2 Rc1 48. Rxa6 Bb5 49. Ra8+ Kh7 50. c6 Rc2 51. Ra7 Bxc6 52. Kg1 e4 53. Rc7 exf3 54. Rxc6 Rxg2+ 55. Kf1 Rxa2 56. Nf5 Rh2 57. h4 g5 58. Rxf6 gxh4 59. Rh6+ Kg8 60. Rxh5 1/2-1/2

[Event "Anderssen Festival 2019"]
[Site "Wroclaw"]
[Date "2019.08.07"]
[Round "4.3"]
[White "Butkiewicz, Lukasz"]
[Black "Verwoert, Jef"]
[Result "1-0"]
[ECO "B36"]
[WhiteElo "2425"]
[BlackElo "2034"]
[Annotator "NA"]
[PlyCount "121"]
[EventDate "2019.08.05"]
[EventType "swiss"]
[EventCountry "POL"]
[SourceTitle "playchess.com"]
[Source "ChessBase"]
[SourceQuality "1"]
[TimeControl "40/5400+30:900+30"]

1. e4 c5 2. Nf3 g6 3. d4 cxd4 4. Nxd4 Nc6 5. c4 Nf6 6. Nc3 d6 7. Be2 Nxd4 8. Qxd4 Bg7 9. Be3 O-O 10. Qd2 a5 11. Rd1 Be6 12. O-O a4 13. f4 Qa5 14. Bd4 Rfc8 15. b3 axb3 16. axb3 Qb4 17. f5 Bd7 18. Bxf6 Bxf6 19. Nd5 Qxd2 20. Nxf6+ Kg7 21. Rxd2 Kxf6 22. fxg6+ Kxg6 23. e5 Rc6 24. Rfd1 Kg7 25. exd6 exd6 26. Bf3 Rb6 27. Rxd6 Bc6 28. R1d3 Ra2 29. Bd5 Rba6 30. h3 Bxd5 31. Rg3+ Kf8 32. Rxd5 Rb6 33. Rd7 Re2 34. Kh2 Rb2 35. Rf3 f6 36. c5 R6xb3 37. Rxf6+ Kg8 38. Re6 Rf3 39. Re8+ Rf8 40. Rxf8+ Kxf8 41. Rxh7 Kg8 42. Rc7 Rb5 43. h4 b6 44. cxb6 Rxb6 45. Kh3 Rb1 46. g3 Kh8 47. h5 Kg8 48. Kh4 Kh8 49. Re7 Rb4+ 50. g4 Ra4 51. Kg5 Kg8 52. Kf5 Kf8 53. Re5 Kg7 54. g5 Ra7 55. Re4 Ra5+ 56. Kg4 Ra7 57. h6+ Kg6 58. Re6+ Kf7 59. Rb6 Ra4+ 60. Kh5 Ra5 61. Rb8 1-0

[Event "Anderssen Festival 2019"]
[Site "Wroclaw"]
[Date "2019.08.07"]
[Round "4.4"]
[White "Lugovskoy, Maxim"]
[Black "Kareva, Natalia"]
[Result "0-1"]
[ECO "B52"]
[WhiteElo "2425"]
[BlackElo "2135"]
[Annotator "ChessBase"]
[PlyCount "150"]
[EventDate "2019.08.05"]
[EventType "swiss"]
[EventCountry "POL"]
[SourceTitle "playchess.com"]
[Source "ChessBase"]
[SourceQuality "1"]
[TimeControl "40/5400+30:900+30"]

1. e4 c5 2. Nf3 d6 3. Bb5+ Bd7 4. Bxd7+ Qxd7 5. O-O Nc6 6. c3 Nf6 7. d4 cxd4 8. cxd4 g6 9. Nc3 Bg7 10. Bg5 O-O 11. h3 Rfd8 12. Qe2 h6 13. Bh4 g5 14. Bg3 d5 15. exd5 Nxd5 16. Rad1 a6 17. Rfe1 Qf5 18. Ne4 b6 19. a3 Ra7 20. h4 Nf4 21. Qe3 Nd5 22. Qc1 g4 23. Ne5 Nxe5 24. Bxe5 f6 25. Ng3 Qc8 26. Bf4 Qxc1 27. Bxc1 Kf7 28. Bd2 Rc8 29. Re2 Rc2 30. h5 e6 31. Ne4 Rd7 32. Nc3 f5 33. Rc1 Rxc1+ 34. Bxc1 Nf6 35. Rc2 Rxd4 36. Be3 Rd6 37. g3 Nxh5 38. Na4 b5 39. Nb6 f4 40. gxf4 Nxf4 41. f3 gxf3 42. Rc7+ Kg6 43. Kf2 Nd5 44. Nxd5 exd5 45. Bf4 Bd4+ 46. Kxf3 Rf6 47. Kg3 Bxb2 48. Rd7 d4 49. Be5 Re6 50. Kf4 Bxa3 51. Rg7+ Kh5 52. Kf5 Rc6 53. Rg2 Be7 54. Rh2+ Bh4 55. Bg3 Rf6+ 56. Ke4 Kg4 57. Bxh4 Rf4+ 58. Kd3 Rf3+ 59. Kxd4 Rh3 60. Rxh3 Kxh3 61. Be1 Kg4 62. Ke3 h5 63. Bc3 Kg3 64. Be1+ Kg4 65. Ke4 h4 66. Ke3 h3 67. Kf2 Kf4 68. Ba5 Ke4 69. Kg3 Kd3 70. Kxh3 Kc4 71. Kg3 b4 72. Bd8 Kd3 73. Kf2 b3 74. Bf6 Kc2 75. Ke3 a5 0-1

[Event "Anderssen Festival 2019"]
[Site "Wroclaw"]
[Date "2019.08.07"]
[Round "4.5"]
[White "Nguyen, Alex Dac-Vuong"]
[Black "Eggink, Ryszard"]
[Result "0-1"]
[ECO "B54"]
[WhiteElo "2267"]
[BlackElo "2377"]
[Annotator "NA"]
[PlyCount "60"]
[EventDate "2019.08.05"]
[EventType "swiss"]
[EventCountry "POL"]
[SourceTitle "playchess.com"]
[Source "ChessBase"]
[SourceQuality "1"]
[TimeControl "40/5400+30:900+30"]

1. e4 c5 2. Nf3 d6 3. d4 cxd4 4. Nxd4 Nf6 5. f3 Nc6 6. Be3 e5 7. Nb3 d5 8. exd5 Nxd5 9. Bf2 Bf5 10. Bd3 Bg6 11. O-O Be7 12. Re1 Rc8 13. a3 O-O 14. Bxg6 hxg6 15. N1d2 Nf4 16. Nc4 Qc7 17. Bg3 Rfd8 18. Nbd2 Bg5 19. a4 Na5 20. Ne3 Nd5 21. Nef1 Qb6+ 22. Bf2 Qxb2 23. Rb1 Qa3 24. Ra1 Qe7 25. Qe2 Rxc2 26. Qb5 Bxd2 27. Nxd2 Nc3 28. Qxa5 Rdxd2 29. Rxe5 Qd7 30. Rf1 Rxf2 0-1

[Event "Anderssen Festival 2019"]
[Site "Wroclaw"]
[Date "2019.08.07"]
[Round "4.6"]
[White "Malecki, Rafal"]
[Black "Skliarov, Viktor"]
[Result "1/2-1/2"]
[ECO "A06"]
[WhiteElo "2063"]
[BlackElo "2360"]
[Annotator "NA"]
[PlyCount "110"]
[EventDate "2019.08.05"]
[EventType "swiss"]
[EventCountry "POL"]
[SourceTitle "playchess.com"]
[Source "ChessBase"]
[SourceQuality "1"]
[TimeControl "40/5400+30:900+30"]

1. Nf3 d5 2. b3 c5 3. Bb2 Nc6 4. e3 Nf6 5. Be2 Bf5 6. d3 Qc7 7. Nbd2 e5 8. a3 Bd6 9. Nh4 Be6 10. c4 d4 11. e4 g6 12. O-O O-O 13. Kh1 Ne8 14. Ndf3 Be7 15. Bc1 Qd8 16. g3 f5 17. Bh6 fxe4 18. dxe4 Ng7 19. Qd2 Bh3 20. Ng2 Qd7 21. Nfe1 Rf7 22. Nd3 Ne8 23. b4 Bd6 24. bxc5 Bf8 25. Bxf8 Rxf8 26. Qg5 Nf6 27. f3 Rae8 28. Rfd1 Kg7 29. Nh4 Be6 30. Nb4 Qe7 31. Nd5 Qxc5 32. Rab1 b6 33. a4 Na5 34. Rb5 Qc8 35. Nxf6 Rxf6 36. Rxe5 h6 37. Qd2 g5 38. Nf5+ Bxf5 39. Rxe8 Qxe8 40. exf5 Nc6 41. Bd3 Ne5 42. Be4 g4 43. Qxd4 gxf3 44. Rf1 Qe7 45. Bxf3 Rxf5 46. Re1 Qf6 47. Bg2 Nf7 48. Qd7 a5 49. Bh3 Rf2 50. Kg1 Qb2 51. Rf1 Rxf1+ 52. Bxf1 Kf6 53. c5 bxc5 54. Qc6+ Kg7 55. Qxc5 Qd2 1/2-1/2

[Event "Anderssen Festival 2019"]
[Site "Wroclaw"]
[Date "2019.08.07"]
[Round "4.7"]
[White "Dubinski, Mateusz"]
[Black "Czyz, Andrzej"]
[Result "1-0"]
[ECO "A56"]
[WhiteElo "2306"]
[BlackElo "2000"]
[Annotator "NA"]
[PlyCount "79"]
[EventDate "2019.08.05"]
[EventType "swiss"]
[EventCountry "POL"]
[SourceTitle "playchess.com"]
[Source "ChessBase"]
[SourceQuality "1"]
[TimeControl "40/5400+30:900+30"]

1. d4 Nf6 2. c4 c5 3. Nf3 cxd4 4. Nxd4 Nc6 5. Nc3 g6 6. g3 Bg7 7. Bg2 O-O 8. O-O Qb6 9. Nc2 d6 10. Ne3 Bd7 11. b3 Rab8 12. Bb2 Qd8 13. Qd2 a6 14. Rac1 Ne5 15. h3 Bc6 16. Ncd5 Nxd5 17. cxd5 Bb5 18. f4 Nd7 19. Bxg7 Kxg7 20. a4 Bxe2 21. Qxe2 Kg8 22. b4 a5 23. b5 Nc5 24. Rc4 Qb6 25. Kh2 Rbc8 26. f5 Nd7 27. Rxc8 Rxc8 28. fxg6 hxg6 29. Ng4 Ne5 30. Nxe5 dxe5 31. Qxe5 Qd8 32. h4 Rc4 33. Rf4 Rc1 34. h5 f6 35. Qe6+ Kg7 36. hxg6 Kxg6 37. Be4+ Kh6 38. Rh4+ Kg7 39. Rh7+ Kf8 40. Qf7# 1-0

[Event "Anderssen Festival 2019"]
[Site "Wroclaw"]
[Date "2019.08.07"]
[Round "4.8"]
[White "Luberanski, Jakub"]
[Black "Piotrowski, Przemyslaw"]
[Result "0-1"]
[ECO "A70"]
[WhiteElo "2010"]
[BlackElo "2273"]
[Annotator "NA"]
[PlyCount "88"]
[EventDate "2019.08.05"]
[EventType "swiss"]
[EventCountry "POL"]
[SourceTitle "playchess.com"]
[Source "ChessBase"]
[SourceQuality "1"]
[TimeControl "40/5400+30:900+30"]

1. d4 c5 2. d5 Nf6 3. c4 e6 4. Nc3 exd5 5. cxd5 d6 6. e4 g6 7. Nf3 Bg7 8. Be2 Bg4 9. O-O O-O 10. Qc2 Nbd7 11. h3 Bxf3 12. Bxf3 a6 13. a4 b6 14. Be3 Re8 15. Rab1 Rc8 16. b3 Qc7 17. Be2 Qb7 18. f4 Re7 19. g4 Ne8 20. Bf3 Bd4 21. Qd2 Bxe3+ 22. Qxe3 f6 23. Rbe1 b5 24. axb5 axb5 25. Bg2 b4 26. Ne2 Ng7 27. Ra1 Nb6 28. Qd3 Qc7 29. Ra6 Qb8 30. Rfa1 Rb7 31. Ng3 Nd7 32. h4 c4 33. bxc4 Nc5 34. Qb1 Nxa6 35. Rxa6 Rxc4 36. h5 b3 37. hxg6 hxg6 38. Rc6 Qa7+ 39. Kh2 Qa2 40. Qd3 b2 41. Rxc4 b1=Q 42. Rc8+ Kh7 43. Nh5 Qxg2+ 44. Kxg2 Rb2+ 0-1

[Event "Anderssen Festival 2019"]
[Site "Wroclaw"]
[Date "2019.08.07"]
[Round "4.9"]
[White "Szajda, Marcin"]
[Black "Snihur, Piotr"]
[Result "1/2-1/2"]
[ECO "B19"]
[WhiteElo "1955"]
[BlackElo "2256"]
[Annotator "NA"]
[PlyCount "82"]
[EventDate "2019.08.05"]
[EventType "swiss"]
[EventCountry "POL"]
[SourceTitle "playchess.com"]
[Source "ChessBase"]
[SourceQuality "1"]
[TimeControl "40/5400+30:900+30"]

1. e4 c6 2. d4 d5 3. Nc3 dxe4 4. Nxe4 Bf5 5. Ng3 Bg6 6. h4 h6 7. Nf3 Nd7 8. h5 Bh7 9. Bd3 Bxd3 10. Qxd3 e6 11. Bd2 Ngf6 12. O-O-O Be7 13. Kb1 O-O 14. Ne4 Nxe4 15. Qxe4 Nf6 16. Qe2 Qd5 17. Be3 a5 18. Ne5 a4 19. a3 b5 20. g4 Ne4 21. Rhe1 Nd6 22. c3 Nc4 23. Bc1 Rfd8 24. f4 Nxe5 25. dxe5 Qb3 26. g5 hxg5 27. fxg5 Bxa3 28. g6 Be7 29. gxf7+ Kxf7 30. h6 a3 31. Qh5+ Kg8 32. Qg6 Bf8 33. h7+ Kh8 34. Qf7 a2+ 35. Ka1 Ba3 36. Rxd8+ Rxd8 37. Rg1 Bxb2+ 38. Bxb2 Rd1+ 39. Rxd1 Qxd1+ 40. Kxa2 Qa4+ 41. Kb1 Qd1+ 1/2-1/2

[Event "Anderssen Festival 2019"]
[Site "Wroclaw"]
[Date "2019.08.07"]
[Round "4.10"]
[White "Skiba, Krzysztof"]
[Black "Mitchell, Martin"]
[Result "0-1"]
[ECO "A45"]
[WhiteElo "1722"]
[BlackElo "2218"]
[Annotator "NA"]
[PlyCount "74"]
[EventDate "2019.08.05"]
[EventType "swiss"]
[EventCountry "POL"]
[SourceTitle "playchess.com"]
[Source "ChessBase"]
[SourceQuality "1"]
[TimeControl "40/5400+30:900+30"]

1. d4 Nf6 2. e3 g6 3. Bd3 Bg7 4. f4 c5 5. c3 d6 6. Nf3 O-O 7. O-O cxd4 8. exd4 Nc6 9. Qc2 e5 10. dxe5 dxe5 11. fxe5 Ng4 12. Bf4 Ncxe5 13. Nxe5 Nxe5 14. Bxe5 Bxe5 15. Nd2 Be6 16. Nf3 Bg7 17. Be4 Qc7 18. Nd4 Bxd4+ 19. cxd4 Qxc2 20. Bxc2 Rfd8 21. Rfd1 Rac8 22. Be4 Rc4 23. Bxb7 Rcxd4 24. Rxd4 Rxd4 25. b3 Rd2 26. Bf3 Kf8 27. Kf1 Rb2 28. Ke1 Ke7 29. h3 a5 30. Bb7 Kf6 31. Kf1 Kg5 32. Kg1 a4 33. Bc6 a3 34. Kh2 Kf4 35. b4 Rxa2 36. Rf1+ Ke5 37. Rf3 Ra1 0-1

[Event "Anderssen Festival 2019"]
[Site "Wroclaw"]
[Date "2019.08.07"]
[Round "4.11"]
[White "Nowak, Mikolaj"]
[Black "Zerebiec, Maurycy"]
[Result "1-0"]
[ECO "A35"]
[WhiteElo "2230"]
[BlackElo "1708"]
[Annotator "NA"]
[PlyCount "73"]
[EventDate "2019.08.05"]
[EventType "swiss"]
[EventCountry "POL"]
[SourceTitle "playchess.com"]
[Source "ChessBase"]
[SourceQuality "1"]
[TimeControl "40/5400+30:900+30"]

1. c4 c5 2. Nc3 Nc6 3. Nf3 e5 4. g3 g6 5. Bg2 Bg7 6. O-O Nge7 7. d3 Rb8 8. a3 a6 9. Qc2 d6 10. Nd5 Nxd5 11. cxd5 Ne7 12. e4 O-O 13. Rb1 Bd7 14. Be3 Qc8 15. Rfc1 a5 16. b4 axb4 17. axb4 b6 18. bxc5 bxc5 19. Rxb8 Qxb8 20. Rb1 Qa7 21. Qb3 Ra8 22. Nd2 Nc8 23. Nc4 f6 24. h4 Kf7 25. Kh2 Bf8 26. f4 Qa2 27. Qd1 exf4 28. Bxf4 h5 29. Rb2 Qa1 30. Qd2 Bg4 31. Qf2 Kg8 32. Bd2 Bg7 33. Bc3 Qc1 34. Bxf6 Bxf6 35. Qxf6 Ra1 36. Qxg6+ Kh8 37. Qe8+ 1-0

[Event "Anderssen Festival 2019"]
[Site "Wroclaw"]
[Date "2019.08.07"]
[Round "4.12"]
[White "Wieczorek, Zbigniew"]
[Black "Socha, Kamil"]
[Result "1/2-1/2"]
[ECO "A05"]
[WhiteElo "2235"]
[BlackElo "1741"]
[Annotator "NA"]
[PlyCount "43"]
[EventDate "2019.08.05"]
[EventType "swiss"]
[EventCountry "POL"]
[SourceTitle "playchess.com"]
[Source "ChessBase"]
[SourceQuality "1"]
[TimeControl "40/5400+30:900+30"]

1. Nf3 Nf6 2. g3 e6 3. Bg2 Be7 4. d3 d5 5. Nbd2 O-O 6. e4 c5 7. O-O Qc7 8. e5 Nfd7 9. Re1 Nc6 10. Qe2 b5 11. Nf1 a5 12. Bf4 a4 13. a3 b4 14. h4 Ba6 15. Ne3 Nb6 16. h5 c4 17. h6 g6 18. Qd2 cxd3 19. cxd3 Rfc8 20. Ng4 b3 21. Bg5 Nd7 22. Rac1 1/2-1/2

[Event "Anderssen Festival 2019"]
[Site "Wroclaw"]
[Date "2019.08.07"]
[Round "4.13"]
[White "Zgadzaj, Rafal"]
[Black "Dytman, Radoslaw"]
[Result "1-0"]
[ECO "A10"]
[WhiteElo "2133"]
[BlackElo "1745"]
[Annotator "NA"]
[PlyCount "87"]
[EventDate "2019.08.05"]
[EventType "swiss"]
[EventCountry "POL"]
[SourceTitle "playchess.com"]
[Source "ChessBase"]
[SourceQuality "1"]
[TimeControl "40/5400+30:900+30"]

1. c4 d6 2. g3 e5 3. Bg2 g6 4. Nc3 Bg7 5. b4 f5 6. Rb1 Nf6 7. d3 O-O 8. Nf3 Nc6 9. O-O h6 10. b5 Ne7 11. Qc2 g5 12. c5 g4 13. Qb3+ Kh7 14. cxd6 cxd6 15. Nd2 d5 16. Ba3 Be6 17. e4 f4 18. exd5 Bf7 19. Be4+ Kh8 20. Nc4 Nxe4 21. dxe4 Rg8 22. Nd6 Bg6 23. Nxb7 Qb6 24. Nc5 Nc8 25. Ne6 Nd6 26. Bc5 Qb8 27. Qb4 Nf7 28. Rbd1 Ng5 29. Nxg5 hxg5 30. d6 Qd8 31. d7 Bf8 32. Bd6 Qf6 33. Qc5 Bxd6 34. Rxd6 Qg7 35. Rfd1 Rad8 36. Qxa7 f3 37. Qc5 Qh6 38. Kf1 Qxh2 39. Ke1 Qh1+ 40. Kd2 Qh7 41. Qxe5+ Rg7 42. Qf6 Qg8 43. Rh1+ Bh7 44. Rxh7+ 1-0

[Event "Anderssen Festival 2019"]
[Site "Wroclaw"]
[Date "2019.08.07"]
[Round "4.14"]
[White "Smal, Tobiasz"]
[Black "Pawicka, Magdalena"]
[Result "0-1"]
[ECO "E20"]
[WhiteElo "2027"]
[BlackElo "1700"]
[Annotator "NA"]
[PlyCount "110"]
[EventDate "2019.08.05"]
[EventType "swiss"]
[EventCountry "POL"]
[SourceTitle "playchess.com"]
[Source "ChessBase"]
[SourceQuality "1"]
[TimeControl "40/5400+30:900+30"]

1. c4 Nf6 2. Nc3 e6 3. d4 Bb4 4. f3 d5 5. a3 Bxc3+ 6. bxc3 c5 7. e3 Nc6 8. cxd5 Nxd5 9. Bd2 cxd4 10. cxd4 O-O 11. Bd3 e5 12. e4 Nf4 13. Bxf4 exf4 14. Ne2 Nxd4 15. Nxf4 Qg5 16. g3 Qa5+ 17. Kf2 Be6 18. Qe1 Qe5 19. Qe3 Rac8 20. Rac1 b6 21. Rxc8 Rxc8 22. Rc1 Rc5 23. Ba6 Nb3 24. Nd3 Qh5 25. Nxc5 Qxh2+ 26. Ke1 Qxg3+ 27. Qf2 Qxf2+ 28. Kxf2 Nxc1 29. Nxe6 fxe6 30. Bc4 Kf7 31. Ke3 b5 32. Bxb5 Nb3 33. f4 Ke7 34. e5 h6 35. Kd3 g5 36. fxg5 hxg5 37. Kc4 Nd2+ 38. Kc5 Nf3 39. Kc6 Nxe5+ 40. Kb7 Kd8 41. Kxa7 Kc7 42. a4 g4 43. a5 g3 44. Bf1 Ng6 45. a6 Nf4 46. Ka8 e5 47. Bg2 Ne6 48. Bf3 Nf8 49. Bg2 Nd7 50. Bf3 Kb6 51. Bb7 Nc5 52. a7 Kc7 53. Bc6 g2 54. Bxg2 Nd7 55. Bf3 Nb6# 0-1